 Dungeon Crawl Stone Soup version 0.20.1-1-g8b1a95d (webtiles) character file.

1458 Minstaer the Firebug (level 8, -7/57 HPs)
             Began as a Hill Orc Fire Elementalist on Nov 4, 2017.
             Was a Follower of Beogh.
             Engulfed by a cloud of flame (23 damage)
             ... on level 7 of the Dungeon on Nov 5, 2017.
             The game lasted 01:36:16 (7421 turns).

Minstaer the Firebug (Hill Orc Fire Elementalist)   Turns: 7421, Time: 01:36:16

Health: -7/57      AC:  9    Str: 11    XL:     8   Next: 76%
Magic:  8/15       EV: 12    Int: 17    God:    Beogh [*.....]
Gold:   356        SH:  0    Dex: 17    Spells: 4/17 levels left

rFire    . . .     SeeInvis .   a - +5 spear "Woallux" {freeze, Str-3 Dex+6}
rCold    + . .     Gourm    .   (no shield)
rNeg     . . .     Faith    .   G - +0 robe
rPois    .         Spirit   .   e - +1 hat
rElec    .         Reflect  .   (no cloak)
rCorr    .         Harm     .   t - +2 pair of gloves {Str+3}
MR       .....                  (no boots)
Stlth    +.........             (no amulet)
Regen    0.2/turn               Y - ring of Demons {Slay+2 Stlth-}
MPRegen  0.2/turn               U - +3 ring of protection

@: very slightly contaminated
A: cold resistance 1
a: Renounce Religion


You were on level 7 of the Dungeon.
You worshipped Beogh.
Beogh was aware of your devotion.
You were hungry.

You visited 1 branch of the dungeon, and saw 7 of its levels.

You collected 356 gold pieces.

Inventory:

Hand Weapons
 a - the +5 spear "Woallux" (weapon) {freeze, Str-3 Dex+6}
   (You found it on level 4 of the Dungeon)

   It has been specially enchanted to freeze those struck by it, causing extra
   injury to most foes and up to half again as much damage against particularly
   susceptible opponents.
   It can also slow down cold-blooded creatures.
   It affects your strength (-3).
   It affects your dexterity (+6).
 b - the +0 hunting sling of Plog {freeze, rElec}
   (You found it on level 4 of the Dungeon)

   It causes projectiles fired from it to freeze those they strike, causing
   extra injury to most foes and up to half again as much damage against
   particularly susceptible opponents.
   They can also slow down cold-blooded creatures.
   It insulates you from electricity.
 j - a +0 spear
 n - a cursed -1 short sword
 p - a +0 dagger
 u - a +2 hand axe of freezing
 D - a +0 war axe
 H - a +0 hunting sling
 P - a +0 arbalest
 V - a +0 shortbow
 X - a +0 hand crossbow
Missiles
 k - 23 poisoned needles
 l - 199 stones
 q - 50 bolts
 y - 8 javelins (quivered)
 A - 100 arrows
 N - 11 tomahawks
 Z - 28 sling bullets
Armour
 e - a +1 hat (worn)
 f - a +0 ring mail
 g - a +0 leather armour
 t - a +2 pair of gloves of strength (worn)
 F - a +2 scale mail of cold resistance
 G - a +0 robe (worn)
Jewellery
 w - an uncursed ring of stealth
 x - an uncursed amulet of guardian spirit
 U - a +3 ring of protection (right hand)
 Y - the ring of Demons (left hand) {Slay+2 Stlth-}
   (You found it on level 6 of the Dungeon)

   [ring of loudness]

   It affects your accuracy and damage with ranged weapons and melee attacks
   (+2).
   It makes you less stealthy.
Scrolls
 h - 2 scrolls of enchant armour
 i - a scroll of noise {unknown}
 z - a scroll of random uselessness {unknown}
 J - a scroll of teleportation {unknown}
 K - 2 scrolls of amnesia
 L - 2 scrolls of blinking {unknown}
 O - a scroll of immolation {unknown}
 S - a scroll of fog {unknown}
Potions
 d - 2 potions of heal wounds {unknown}
 m - 3 potions of flight {unknown}
 o - 2 potions of magic {unknown}
 s - 2 potions of curing
 M - a potion of mutation
Books
 I - a book of Flames

   Spells                             Type                      Level
   a - Flame Tongue                   Conjuration/Fire             1
   b - Throw Flame                    Conjuration/Fire             2
   c - Conjure Flame                  Conjuration/Fire             3
   d - Inner Flame                    Hexes/Fire                   3
   e - Sticky Flame                   Conjuration/Fire             4
   f - Fireball                       Conjuration/Fire             5
 W - a book of Geomancy

   Spells                             Type                      Level
   a - Sandblast                      Earth                        1
   b - Passwall                       Transmutation/Earth          2
   c - Stone Arrow                    Conjuration/Earth            3
   d - Petrify                        Transmutation/Earth          4
   e - Lee's Rapid Deconstruction     Earth                        5
Comestibles
 c - 3 bread rations
 v - 9 fruits
 Q - a royal jelly


   Skills:
 - Level 1.5 Dodging
 - Level 1.5 Stealth
 + Level 5.1 Spellcasting
 - Level 5.4 Conjurations
 + Level 7.6 Fire Magic


You had 4 spell levels left.
You knew the following spells:

 Your Spells              Type           Power        Failure   Level  Hunger
a - Flame Tongue          Conj/Fire      ####.        1%          1    None
b - Throw Flame           Conj/Fire      ####..       1%          2    #......
c - Conjure Flame         Conj/Fire      ####....     2%          3    ###....
d - Inner Flame           Hex/Fire       ###.....     9%          3    ###....
e - Sticky Flame          Conj/Fire      ####....     10%         4    ####...


Dungeon Overview and Level Annotations

Branches:
Dungeon (7/15)             Temple (0/1) D:5

Altars:
Ashenzari
Elyvilon
Gozag
Ru
Sif Muna
Trog
Vehumet
Yredelemnul
Zin

Annotations:
D:3 mythless's ghost, amateur HONe
D:4 Lucio's ghost, novice HaVM
D:6 Tenz's ghost, novice SpAs


Innate Abilities, Weirdness & Mutations

Your flesh is cold resistant. (rC+)


Message History

Aim: an orc priest, wielding a whip and wearing a chain mail (moderately wounded, inner flame)
The flame tongue hits the orc priest.
The orc priest is almost dead.
The orc priest calls down the wrath of Beogh upon you.
You struggle to resist.
You closely miss the orc priest.
The orc priest is almost dead.
The orc priest mumbles some strange prayers to Beogh against you.
Beogh smites you!
You hit the orc priest. You freeze the orc priest.
The orc priest explodes!
The fiery explosion engulfs something.
Beogh accepts your kill.
Reactivating autopickup.
You feel a bit more experienced. The fiery explosion engulfs you!
* * * LOW HITPOINT WARNING * * *
Beogh accepts your kill.
Beogh appreciates your killing of a heretic priest.
You are engulfed in blazing flames.
You die...

#.# #........... #.# ####
#.....###.. #.#
..#####.)...# ##########.#
#.##........#
...........#####.##o.......#
#######..........o)........+
# #.########ยง##........# #
#.# #)##........# # #.#
#@######....# # #.# #.#
....# # #.# #.# ....# # #.#
#.# ##### # #.# #.# #
#.########.# # #..........#
# ############ #


You could see an orc wizard.

Vanquished Creatures
  Prince Ribbit (D:5)
  A sky beast (D:7)
  2 ogres
  A centaur (D:5)
  2 phantoms
  A bullfrog (D:7)
  A water moccasin zombie (D:7)
  A howler monkey (D:4)
  A crimson imp (D:5)
  A quasit (D:6)
  5 orc wizards
  2 orc priests
  Jessica (D:2)
  3 worker ants
  A howler monkey zombie (D:6)
  4 gnolls (D:3)
  8 adders
  2 shadow imps
  An adder skeleton (D:5)
  2 worms
  A dart slug (D:3)
  2 leopard geckos (D:1)
  22 orcs
  2 giant cockroaches (D:1)
  5 goblins
  8 hobgoblins
  3 jackals
  10 kobolds
  6 quokkas
  A ball python (D:6)
  7 bats
  9 frilled lizards
  A jackal skeleton (D:4)
  9 rats
127 creatures vanquished.

Vanquished Creatures (others)
  An orc priest (D:3)
  2 orcs (D:3)
3 creatures vanquished.

Grand Total: 130 creatures vanquished

Notes
Turn   | Place    | Note
-------+----------+-------------------------------------------
     0 | D:1      | Minstaer the Hill Orc Fire Elementalist began the quest for the Orb.
     0 | D:1      | Reached XP level 1. HP: 14/14 MP: 3/3
   232 | D:1      | Reached XP level 2. HP: 18/20 MP: 1/4
   515 | D:1      | Reached skill level 4 in Fire Magic
   636 | D:1      | Learned a level 2 spell: Throw Flame
   884 | D:1      | Reached XP level 3. HP: 26/26 MP: 3/6
  1115 | D:1      | Learned a level 3 spell: Conjure Flame
  1505 | D:2      | Noticed Jessica
  1512 | D:2      | Killed Jessica
  1512 | D:2      | Reached XP level 4. HP: 28/33 MP: 0/7
  2127 | D:2      | Found a bloodstained altar of Trog.
  2493 | D:3      | Reached skill level 5 in Fire Magic
  2535 | D:3      | Reached XP level 5. HP: 38/38 MP: 6/9
  2731 | D:3      | Noticed mythless's ghost (amateur HONe)
  2937 | D:3      | Learned a level 3 spell: Inner Flame
  3061 | D:3      | Became a worshipper of Beogh the Brigand
  3711 | D:4      | Reached XP level 6. HP: 45/45 MP: 4/11
  3850 | D:4      | Noticed Lucio's ghost (novice HaVM)
  3921 | D:4      | Got a fine spear
  3937 | D:4      | Identified the +5 spear "Woallux" {freeze, Str-3 Dex+6} (You found it on level 4 of the Dungeon)
  3948 | D:4      | Got an iridescent hunting sling
  3949 | D:4      | Identified the +0 hunting sling of Plog {freeze, rElec} (You found it on level 4 of the Dungeon)
  4274 | D:4      | Reached skill level 6 in Fire Magic
  4324 | D:4      | Reached * piety under Beogh
  4487 | D:4      | Noticed a phantom
  4554 | D:4      | Killed a phantom
  4554 | D:4      | Reached XP level 7. HP: 43/50 MP: 1/13
  4728 | D:5      | Entered Level 5 of the Dungeon
  4751 | D:5      | Found a staircase to the Ecumenical Temple.
  4965 | D:5      | Found a white marble altar of Elyvilon.
  5120 | D:5      | Found a sacrificial altar of Ru.
  5126 | D:5      | Found an opulent altar of Gozag.
  5127 | D:5      | Found a basalt altar of Yredelemnul.
  5127 | D:5      | Found a radiant altar of Vehumet.
  5127 | D:5      | Found a deep blue altar of Sif Muna.
  5128 | D:5      | Found a shattered altar of Ashenzari.
  5132 | D:5      | Found a glowing silver altar of Zin.
  5211 | D:5      | Noticed Prince Ribbit
  5221 | D:5      | Killed Prince Ribbit
  5450 | D:5      | Reached skill level 5 in Conjurations
  5450 | D:5      | Reached XP level 8. HP: 44/57 MP: 6/14
  5624 | D:5      | Learned a level 4 spell: Sticky Flame
  5798 | D:6      | Got a sparkling platinum ring
  6119 | D:6      | Noticed Tenz's ghost (novice SpAs)
  6785 | D:6      | Identified the ring of Demons {Slay+2 Stlth-} (You found it on level 6 of the Dungeon)
  6961 | D:7      | Reached skill level 7 in Fire Magic
  7390 | D:7      | Reached skill level 5 in Spellcasting
  7393 | D:7      | Gained mutation: Your flesh is cold resistant. (rC+) [mutagenic meat]
  7421 | D:7      | Engulfed by a cloud of flame

Skill      XL: |  1  2  3  4  5  6  7  8 |
---------------+-------------------------+-----
Spellcasting   | 2 3 4 5 |  5.1
Fire Magic     | 4 5 6 7 |  7.6
Conjurations   | 5 |  5.4
Dodging        | |  1.5
Stealth        | |  1.5

Action                   |  1- 3 |  4- 6 |  7- 9 || total
-------------------------+-------+-------+-------++-------
Melee: Spear             |    64 |   100 |    51 ||   215
       Unarmed           |     8 |       |       ||     8
Throw: Javelin           |       |     2 |       ||     2
 Cast: Flame Tongue      |    36 |   104 |    46 ||   186
       Throw Flame       |     1 |    18 |    31 ||    50
       Inner Flame       |       |     1 |     3 ||     4
       Conjure Flame     |       |     1 |     3 ||     4
       Sticky Flame      |       |       |     1 ||     1
Invok: Convert to Beogh  |       |     1 |       ||     1
  Use: Scroll            |       |       |     7 ||     7
 Stab: Sleeping          |     1 |     3 |     1 ||     5
  Eat: Chunk             |     3 |     5 |     6 ||    14
       Meat ration       |       |     1 |     1 ||     2
Armor: Robe              |    12 |    28 |    15 ||    55
Dodge: Dodged            |    50 |    64 |    37 ||   151
